Map: Abyssal Reef LE

Players

Harstem

  • Race: Protoss Protoss
  • Spawn Location: 5:00

Serral - Winner!

  • Race: Zerg Zerg
  • Spawn Location: 11:00

Event: WCS Austin 2017

VOD

Have the link to the VOD?

Description

Time

  • Played on: April 28, 2017, 8:50 p.m.
  • Length: 12:14

All games in this series

Show
View Real Time Build Order
Export as new Build Order

Harstem Protoss 

Build Orders: 1 Gate Expand, Zealot Archon, Dark Templar Rush 

Get SALT Encoding   

  12  0:01  Probe (Chrono Boost)  
  13  0:11  Probe (Chrono Boost)  
  14  0:18  Pylon  
  14  0:22  Probe (Chrono Boost)  
  15  0:36  Probe (Chrono Boost)  
  15  0:38  Gateway  
  16  0:43  Assimilator  
  16  0:46  Probe (Chrono Boost)  
  18  0:57  Probe (Chrono Boost)  
  18  1:07  Probe (Chrono Boost)  
  19  1:18  Probe (Chrono Boost)  
  20  1:25  Nexus  
  20  1:34  Cybernetics Core  
  20  1:37  Probe (Chrono Boost)  
  21  1:42  Assimilator  
  21  1:48  Probe (Chrono Boost)  
  21  1:51  Pylon  
  22  1:58  Probe (Chrono Boost)  
  23  2:06  Stalker  
  23  2:11  Probe (Chrono Boost), Warp Gate  
  27  2:23  Probe (Chrono Boost)  
  27  2:26  Twilight Council  
  27  2:33  Adept  
  27  2:35  Probe (Chrono Boost)  
  30  2:38  Probe (Chrono Boost)  
  31  2:46  Probe (Chrono Boost)  
  31  2:50  Probe (Chrono Boost)  
  33  2:57  Probe (Chrono Boost)  
  34  3:00  Robotics Facility  
  34  3:01  Probe (Chrono Boost)  
  35  3:07  Probe (Chrono Boost)  
  35  3:12  Probe (Chrono Boost)  
  37  3:14  Gateway  
  37  3:21  Dark Shrine  
  37  3:28  Gateway  
  37  3:29  Probe (Chrono Boost)  
  37  3:30  Probe (Chrono Boost)  
  39  3:40  Probe x2 (Chrono Boost)  
  41  3:41  Pylon  
  41  3:42  Warp Prism  
  43  3:51  Probe (Chrono Boost)  
  43  3:52  Probe (Chrono Boost)  
  45  3:55  Pylon  
  45  4:02  Probe (Chrono Boost)  
  46  4:04  Assimilator  
  46  4:06  Assimilator, Probe (Chrono Boost)  
  47  4:13  Warp Prism, Probe (Chrono Boost)  
  50  4:19  Mothership Core (Chrono Boost)  
  50  4:23  Probe (Chrono Boost)  
  53  4:34  Probe (Chrono Boost), Pylon  
  53  4:37  Dark Templar x2  
  53  4:38  Dark Templar  
  60  4:41  Probe (Chrono Boost)  
  60  4:42  Pylon  
  61  4:46  Probe (Chrono Boost)  
  63  4:54  Probe (Chrono Boost)  
  63  4:56  Probe (Chrono Boost)  
  64  5:05  Nexus  
  64  5:06  Probe (Chrono Boost)  
  65  5:10  Archon, Dark Templar  
  67  5:14  Archon  
  67  5:16  Probe (Chrono Boost)  
  67  5:18  Probe (Chrono Boost)  
  66  5:26  Probe (Chrono Boost)  
  66  5:28  Dark Templar x2  
  70  5:30  Probe (Chrono Boost)  
  70  5:34  Nexus  
  72  5:37  Probe (Chrono Boost), Pylon  
  71  5:48  Immortal  
  71  5:51  Probe (Chrono Boost)  
  71  5:52  Pylon  
  71  5:53  Probe (Chrono Boost)  
  71  5:54  Forge  
  77  5:58  Dark Templar  
  77  6:00  Dark Templar  
  77  6:01  Dark Templar  
  84  6:04  Archon x2  
  84  6:05  Probe (Chrono Boost)  
  84  6:06  Probe (Chrono Boost)  
  85  6:17  Probe (Chrono Boost)  
  86  6:24  Protoss Ground Weapons Level 1  
  86  6:27  Immortal  
  86  6:30  Probe (Chrono Boost)  
  86  6:32  Probe (Chrono Boost), Pylon  
  86  6:42  Probe (Chrono Boost), Charge  
  86  6:46  Probe (Chrono Boost)  
  85  7:01  Adept  
  85  7:02  Probe (Chrono Boost), Adept x2  
  85  7:04  Probe (Chrono Boost)  
  85  7:06  Probe (Chrono Boost)  
  85  7:08  Immortal  
  92  7:09  Gateway  
  92  7:14  Pylon, Gateway  
  98  7:16  Assimilator  
  98  7:19  Gateway  
  98  7:21  Gateway  
  98  7:22  Assimilator, Gateway  
  96  7:24  Gateway  
  96  7:25  Photon Cannon  
  96  7:28  Zealot, Sentry  
  101  7:31  Probe (Chrono Boost)  
  101  7:32  Stalker  
  101  7:35  Probe (Chrono Boost), Pylon  
  104  7:40  Probe (Chrono Boost), Pylon  
  105  7:49  Pylon, Photon Cannon  
  105  7:50  Observer  
  106  8:01  Sentry  
  106  8:04  Nexus  
  106  8:05  Protoss Ground Weapons Level 2  
  108  8:08  Dark Templar x2  
  108  8:10  Immortal  
  108  8:11  Pylon  
  112  8:14  Archon  
  112  8:16  Dark Templar x2  
  120  8:21  Archon  
  120  8:24  Probe (Chrono Boost)  
  121  8:28  Pylon  
  121  8:32  Photon Cannon  
  121  8:40  Probe (Chrono Boost)  
  122  8:41  Probe (Chrono Boost)  
  122  8:42  Zealot x2  
  122  8:43  Zealot  
  122  8:44  Immortal  
  133  8:59  Probe (Chrono Boost)  
  133  9:06  Templar Archives, Dark Templar x3  
  139  9:10  Zealot x5, Dark Templar  
  151  9:23  Archon  
  151  9:30  Probe (Chrono Boost)  
  152  9:31  Probe (Chrono Boost)  
  152  9:33  Archon  
  152  9:34  Probe (Chrono Boost)  
  152  9:35  Probe (Chrono Boost)  
  152  9:42  Dark Templar x2  
  152  9:43  Zealot x3, Dark Templar x2  
  152  9:44  Zealot x2  
  170  9:49  Pylon, Archon  
  170  9:50  Archon  
  170  9:51  Probe (Chrono Boost)  
  171  9:55  Pylon  
  171  9:58  Pylon  
  171  9:59  Pylon  
  171  10:03  Stalker  
  171  10:04  Stalker x3  
  179  10:11  Probe (Chrono Boost), Pylon  
  179  10:13  Assimilator, Pylon  
  178  10:15  Pylon  
  178  10:18  Assimilator  
  170  10:21  Photon Cannon  
  170  10:24  Dark Templar x3  
  151  10:30  Archon  
  120  10:35  Zealot x3  
  120  10:36  Zealot x2  
  120  10:42  Psionic Storm  
  130  10:51  Nexus  
  130  10:55  High Templar  
  130  11:09  High Templar  
  130  11:10  Zealot x2  
  130  11:11  Zealot x3  
  142  11:16  Pylon  
  133  11:28  Zealot x3  
  133  11:31  High Templar x3  
  132  11:39  Nexus  
  129  11:50  Dark Templar x2  
  129  11:51  Zealot x4  
  140  11:55  Archon  
  130  12:06  Zealot x3  
Show
View Real Time Build Order
Export as new Build Order

Serral Zerg - Winner!

Build Orders: Hatch First, Muta Ling Bane 

Get SALT Encoding   

  12  0:00  Drone  
  13  0:13  Overlord  
  13  0:17  Drone  
  14  0:31  Drone x2  
  14  0:35  Drone  
  17  0:52  Hatchery  
  17  0:55  Drone  
  17  0:58  Drone  
  18  1:10  Extractor  
  17  1:13  Spawning Pool  
  17  1:17  Drone  
  17  1:20  Drone  
  18  1:28  Drone  
  19  1:40  Overlord  
  19  1:56  Drone  
  19  2:00  Queen, Zergling x2  
  23  2:04  Queen, Zergling x2  
  26  2:10  Metabolic Boost  
  26  2:12  Drone  
  27  2:16  Drone  
  28  2:24  Drone  
  28  2:26  Drone  
  30  2:37  Hatchery  
  30  2:39  Drone  
  30  2:42  Drone  
  31  2:48  Queen  
  33  2:58  Overlord  
  33  2:59  Drone x2  
  33  3:02  Drone  
  35  3:10  Overlord  
  35  3:18  Drone x5  
  40  3:22  Drone, Overlord  
  41  3:29  Queen  
  41  3:30  Drone  
  41  3:32  Drone  
  45  3:39  Spore Crawler  
  45  3:41  Overlord  
  44  3:46  Roach Warren  
  44  3:47  Drone x2  
  45  3:50  Drone x2  
  45  3:54  Drone  
  48  3:56  Drone x2  
  48  4:01  Overlord  
  50  4:04  Spore Crawler  
  50  4:07  Drone x3  
  52  4:14  Overlord  
  52  4:16  Overlord  
  52  4:23  Spore Crawler  
  51  4:25  Zergling x10  
  56  4:32  Roach x3  
  56  4:36  Lair  
  62  4:43  Roach x3  
  68  4:46  Extractor  
  68  4:48  Extractor  
  68  4:49  Roach  
  68  4:50  Drone x4  
  72  4:56  Drone x2  
  72  4:57  Drone x2  
  72  4:59  Overlord  
  76  5:01  Drone  
  76  5:02  Drone  
  76  5:06  Queen  
  79  5:09  Overlord  
  79  5:14  Roach x2  
  83  5:19  Roach  
  84  5:24  Overlord  
  83  5:35  Roach x2  
  85  5:38  Roach  
  85  5:39  Drone x3  
  85  5:40  Drone x2  
  88  5:44  Drone x2  
  88  5:45  Drone x2  
  88  5:47  Drone  
  90  5:50  Drone  
  90  5:51  Queen  
  90  5:53  Drone  
  93  6:02  Roach  
  95  6:05  Glial Reconstitution  
  95  6:07  Overlord  
  95  6:09  Extractor  
  94  6:11  Overlord  
  94  6:12  Drone x3  
  94  6:13  Overlord  
  94  6:14  Drone  
  98  6:19  Drone  
  98  6:22  Drone x2, Spire  
  98  6:23  Drone  
  99  6:28  Drone x3  
  99  6:30  Drone x2  
  102  6:36  Overlord  
  102  6:39  Drone  
  101  6:40  Drone  
  101  6:42  Drone x3  
  101  6:43  Queen  
  101  6:50  Extractor  
  101  6:53  Drone x2  
  100  6:56  Drone  
  100  6:57  Hatchery  
  100  6:58  Drone  
  100  6:59  Drone  
  100  7:01  Drone  
  99  7:06  Drone x2  
  99  7:08  Baneling Nest  
  98  7:18  Overseer  
  98  7:19  Drone x2  
  98  7:20  Evolution Chamber  
  99  7:26  Queen  
  101  7:32  Drone x4  
  101  7:33  Drone  
  106  7:38  Baneling Nest  
  106  7:39  Drone, Mutalisk x3  
  106  7:42  Mutalisk  
  114  7:45  Overlord  
  114  7:46  Roach  
  114  7:47  Ravager x4  
  114  7:49  Zerg Melee Weapons Level 1  
  120  7:53  Extractor  
  120  7:58  Centrifical Hooks  
  120  7:59  Zergling x14  
  120  8:00  Zergling x2  
  128  8:06  Zergling x4  
  130  8:14  Ravager x2  
  130  8:17  Mutalisk  
  134  8:21  Mutalisk  
  134  8:25  Drone  
  134  8:26  Drone, Zergling x2, Hatchery  
  134  8:27  Zergling x14  
  144  8:29  Baneling x3  
  145  8:34  Drone x3  
  145  8:35  Drone x4  
  145  8:40  Drone  
  153  8:46  Hatchery  
  152  8:49  Ravager x4  
  152  8:52  Zergling x2  
  152  8:53  Zergling x6  
  160  8:58  Overlord  
  160  9:04  Overlord x4  
  160  9:08  Overlord  
  161  9:17  Zergling x14  
  161  9:21  Zergling x2  
  168  9:27  Baneling x14  
  168  9:28  Baneling x3  
  168  9:32  Zergling x2  
  168  9:33  Zergling x24  
  181  9:39  Zergling x2  
  181  9:40  Zergling x14  
  189  9:48  Baneling x15  
  189  9:49  Baneling x4  
  189  9:54  Zergling x8  
  189  9:55  Zergling x4  
  189  9:58  Zergling x8  
  199  10:03  Zergling x2  
  200  10:09  Baneling x7  
  200  10:10  Baneling x4  
  200  10:13  Ravager x2  
  200  10:21  Zergling x8  
  189  10:22  Zergling x22  
  182  10:28  Zergling x2  
  182  10:29  Zergling x8  
  182  10:31  Zergling x2  
  182  10:32  Zergling x6  
  168  10:36  Zergling x8  
  168  10:37  Zergling x10  
  168  10:41  Zergling x4  
  179  10:46  Queen  
  179  10:48  Baneling x4  
  179  10:49  Baneling x15  
  181  10:51  Ravager  
  181  10:52  Zergling x4  
  181  10:53  Zergling x2  
  185  10:57  Zergling x8  
  185  11:03  Zergling x8  
  193  11:08  Baneling  
  193  11:09  Baneling x12  
  193  11:11  Zergling x12  
  193  11:19  Zergling x2  
  193  11:20  Zergling x14  
  178  11:29  Zergling x22  
  183  11:36  Baneling  
  183  11:37  Baneling x5  
  183  11:40  Zergling x16  
  183  11:41  Zergling x2  
  183  11:44  Baneling x8  
  188  11:49  Infestation Pit  
  188  11:54  Zergling x12  
  188  11:55  Zergling x6  
Tags
 
Add a new tag
Caveats
  • Supply blocks, unpowered buildings, or Contaminate may cause inaccurate times.
  • Supply counts are checked every 10 seconds.